 Dungeon Crawl Stone Soup version 0.27-a0-1046-g98bf31544f (webtiles) character file.

Game seed: 14816227127672965182

60230 Morbidden the Destroyer (level 14, -12/105 HPs)
             Began as a Demonspawn Conjurer on Apr 18, 2021.
             Was a High Priest of Cheibriados.
             Mangled by a very large slime creature (30 damage)
             ... on level 12 of the Dungeon on Apr 19, 2021.
             The game lasted 00:45:41 (25768 turns).

Morbidden the Destroyer (Demonspawn Conjurer)      Turns: 25768, Time: 00:45:41

Health: -12/105    AC: 23    Str: 21    XL:     14   Next: 56%
Magic:  29/29      EV: 17    Int: 35    God:    Cheibriados [*****.]
Gold:   1622       SH:  8    Dex: 24    Spells: 28/35 levels left

rFire    . . .     SeeInvis .   a - +1 scimitar (flame)
rCold    . . .     Faith    .   A - +2 buckler
rNeg     + . .     Spirit   .   F - +3 chain mail {rPois}
rPois    +         Reflect  .   r - +2 helmet
rElec    .         Harm     .   M - +0 cloak
rCorr    .         Rampage  .   t - +1 pair of gloves
Will     +....                  (boots unavailable)
Stlth    ..........             (no amulet)
HPRegen  0.27/turn              d - ring of positive energy
MPRegen  0.42/turn              n - +4 ring of protection

@: very slow
A: hooves 3, repulsion field 2, powered by death 1, magic regeneration, mutation
resistance 1
a: Renounce Religion, Bend Time, Temporal Distortion, Slouch, Step From Time


You were on level 12 of the Dungeon.
You worshipped Cheibriados.
Cheibriados was extremely pleased with you.
You visited 3 branches of the dungeon, and saw 19 of its levels.

You collected 1622 gold pieces.

Inventory:

Hand Weapons
 a - a +1 scimitar of flaming (weapon)
 b - a +2 dagger of protection
 I - the +8 demon trident "Rift" {distort, reach+}
   (You found it on level 6 of the Lair of Beasts)

   It warps and distorts space around it.
   Unwielding it can cause banishment or high damage.
Missiles
 i - a throwing net
 s - 6 atropa-tipped darts
 v - 4 curare-tipped darts (quivered)
Armour
 r - a +2 helmet (worn)
 t - a +1 pair of gloves (worn)
 A - a +2 buckler (worn)
 B - a +2 robe of fire resistance
 F - a +3 chain mail of poison resistance (worn)
 M - a +0 cloak (worn)
Jewellery
 d - a ring of positive energy (left hand)
 n - a +4 ring of protection (right hand)
 G - a ring of flight
 K - a ring of positive energy
Wands
 c - a wand of digging (9)
 e - a wand of mindburst (17)
 l - a wand of iceblast (32)
 y - a wand of flame (27)
 z - a wand of charming (9)
Scrolls
 h - 5 scrolls of magic mapping
 o - 3 scrolls of fog
 u - a scroll of enchant weapon
 w - a scroll of amnesia
 D - 2 scrolls of enchant armour
 H - 2 scrolls of teleportation
 L - a scroll of summoning {unknown}
Potions
 f - 3 potions of attraction
 g - 2 potions of haste
 j - 2 potions of curing
 k - a potion of resistance
 m - a potion of mutation
 p - a potion of magic
 q - a potion of cancellation
 x - 3 potions of flight
 C - 2 potions of brilliance
 E - 3 potions of heal wounds


   Skills:
 * Level 8.2 Fighting
 + Level 1.5(4.9) Short Blades
 * Level 7.4(7.5) Long Blades
 + Level 0.9 Throwing
 + Level 4.6 Armour
 * Level 9.0 Dodging
 + Level 3.8 Stealth
 + Level 4.8 Shields
 * Level 11.4 Spellcasting
 * Level 12.1 Conjurations
 + Level 5.5 Translocations
 * Level 9.6 Invocations
 + Level 3.4 Evocations


You had 28 spell levels left.
You knew the following spells:

 Your Spells              Type           Power      Damage    Failure   Level
a - Magic Dart            Conj           100%       1d8       1%          1
b - Searing Ray           Conj           100%       3d7       1%          2
z - Iskenderun's Mystic   Conj/Tloc      70%        2d14      4%          4

Your spell library contained the following spells:

 Spells                   Type           Power      Damage    Failure   Level
 Dazzling Flash           Conj/Hex       100%       N/A       4%          3
 Stone Arrow              Conj/Erth      100%       3d13      4%          3
 Fulminant Prism          Conj/Hex       29%        3d14      16%         4
 Hailstorm                Conj/Ice       58%        3d13      16%         4
 Animate Skeleton         Necr           40%        N/A       19%         1
 Beastly Appendage        Tmut           40%        N/A       19%         1
 Corona                   Hex            22%        N/A       19%         1
 Freeze                   Ice            80%        1d9       19%         1
 Pain                     Necr           80%        1d8       19%         1
 Sandblast                Erth           40%        2d10      19%         1
 Summon Small Mammal      Summ           80%        N/A       19%         1
 Call Imp                 Summ           20%        N/A       28%         2
 Ensorcelled Hibernation  Hex/Ice        40%        N/A       28%         2
 Passwall                 Tmut/Erth      16%        N/A       28%         2
 Wereblood                Tmut           20%        N/A       28%         2
 Call Canine Familiar     Summ           20%        N/A       50%         3
 Confusing Touch          Hex            20%        N/A       50%         3
 Frozen Ramparts          Ice            40%        1d6       50%         3
 Ozocubu's Armour         Ice            20%        N/A       50%         3
 Spider Form              Tmut/Pois      10%        N/A       50%         3
 Summon Guardian Golem    Hex/Summ       20%        N/A       50%         3
 Tukima's Dance           Hex            20%        N/A       50%         3
 Vampiric Draining        Necr           10%        2d7       50%         3
 Animate Dead             Necr           10%        N/A       88%         4
 Ice Form                 Ice/Tmut       20%        N/A       88%         4
 Petrify                  Tmut/Erth      20%        N/A       88%         4
 Summon Ice Beast         Ice/Summ       20%        N/A       88%         4
 Summon Lightning Spire   Summ/Air       20%        N/A       88%         4
 Agony                    Necr           20%        N/A       99%         5
 Hydra Form               Tmut           10%        N/A       99%         5
 Lee's Rapid Deconstruct  Erth           10%        3d9*      99%         5
 Metabolic Englaciation   Hex/Ice        10%        N/A       99%         5


Dungeon Overview and Level Annotations

Branches:
Dungeon (12/15)            Temple (1/1) D:7            Lair (6/6) D:11
  Swamp (0/4) Lair:2        Snake (0/4) Lair:3        Slime (0/5) Lair:6
    Orc (0/2) D:10

Altars:
Ashenzari
Cheibriados
Dithmenos
Elyvilon
Fedhas
Gozag
Hepliaklqana
Kikubaaqudgha
Makhleb
Nemelex Xobeh
Okawaru
Qazlal
Ru
Sif Muna
Trog
Uskayaw
Vehumet
Wu Jian
Xom
Yredelemnul
Zin
The Shining One

Annotations:
D:7 4 runed translucent doors, Crazy Yiuf; Essalna's ghost, novice DsTm
D:10 Urug
Lair:3 exclusion: 2 oklob plants
Lair:4 exclusion: oklob plant
Lair:6 1 runed translucent door


Innate Abilities, Weirdness & Mutations

You have hooves in place of feet.
You are surrounded by a moderate repulsion field. (EV +3)
You regenerate a little health from kills.
You regenerate magic rapidly.
You are somewhat resistant to further mutation.


Message History

You block the slime creature's attack.
Two slime creatures merge to form a large slime creature.
The slime creature quivers.
You hit the slime creature. You burn the slime creature.
You kick the slime creature!
The slime creature is heavily wounded.
The slime creature hits you but does no damage.
Unknown command.
Cast which spell? (? or * to list)
Aiming: Searing Ray (safe; 1% risk of failure)
Press: ? - help, Shift-Dir - straight line, f - slime creature
Aim: a slime creature (heavily wounded, 96% to hit)
The searing ray hits the slime creature!
The slime creature is severely wounded. (Press . to maintain the ray.) Two slime creatures merge to form a very large slime creature.
You block the slime creature's attack.
The searing ray hits the slime creature!!
You kill the slime creature!
Cheibriados thoroughly appreciates the change of pace.
Unknown command.
The searing ray hits the very large slime creature.
The very large slime creature is lightly wounded.
You finish channeling your searing ray.
Unknown command.
The very large slime creature hits you!!!
The very large slime creature hits you!!
Unknown command.
The very large slime creature misses you.
You block the very large slime creature's attack.
Unknown command.
The very large slime creature hits you!!
* * * LOW HITPOINT WARNING * * *
You block the very large slime creature's attack.
The very large slime creature completely misses you.
You riposte.
Your chain mail prevents you from hitting the very large slime creature.
You kick the very large slime creature, but do no damage.
The very large slime creature hits you!!
You die...

.....+....# #.###
#.#..#....##
#.....#>#.........
#..#.###.#...........
.....................
#.<#.#####........... #.##.#
#.#......... . #.##J#
#.#......... ... #.##@#
#.#.........
....####.##.#####.#.........
............................
............##..............
#'######....................
#.#####.##.'#######'. #.#
#....#...#...#.
.######.#####.##.#...#...#.
.................#.......#.


You could see a very large slime creature.

Vanquished Creatures
  Josephine (Lair:5)
  10 hydras
  3 boulder beetles
  3 death yaks (Lair:6)
  Erica (D:8)
  A death knight (D:12)
  3 two-headed ogres
  2 skeletal warriors (D:12)
  3 lindwurms (Lair:6)
  Pikel (D:8)
  A manticore (D:11)
  11 elephants
  17 black mambas
  6 torpor snails
  10 cane toads
  2 gargoyles (D:12)
  2 rime drakes (Lair:6)
  3 komodo dragons
  7 hornets (Lair:6)
  6 trolls
  2 polar bears (Lair:3)
  4 tyrant leeches
  Prince Ribbit (D:7)
  27 blink frogs
  6 dream sheep (Lair:6)
  A slime creature (D:12)
  2 spriggans (Lair:3)
  3 shadows
  A wyvern (Lair:1)
  37 yaks
  6 wraiths
  3 basilisks
  Grum (D:8)
  6 vampire mosquitoes
  An acid dragon (D:12)
  A swamp worm (Lair:2)
  19 water moccasins
  Duvessa (D:6)
  A black bear (Lair:3)
  5 orc warriors
  2 ogres
  17 wolves
  A centaur (D:8)
  3 lemures (D:8)
  7 kobold brigands
  A scorpion (Lair:1)
  10 bullfrogs
  Dowan (D:6)
  4 gnoll sergeants
  A water moccasin skeleton (D:6)
  12 wights
  An electric eel (Lair:2)
  4 howler monkeys
  3 centaur zombies
  4 jellies
  4 orc priests (D:9)
  4 centaur skeletons
  4 hounds
  7 iguanas
  2 bullfrog skeletons (D:4)
  6 orc wizards
  3 hound zombies
  A hound skeleton (D:4)
  2 howler monkey zombies
  Robin (D:3)
  12 gnolls
  8 adders
  2 ufetubi
  An adder zombie (D:4)
  A worm (D:4)
  2 dart slugs (D:2)
  18 orcs
  6 ball pythons
  7 endoplasms
  5 giant cockroaches
  11 hobgoblins
  21 kobolds
  A quokka (D:5)
  2 bats
  3 frilled lizards
  13 goblins
  2 quokka zombies (D:4)
  A rat (D:2)
442 creatures vanquished.

Vanquished Creatures (others)
  36 fungi
  119 plants
  3 withered plants (D:4)
158 creatures vanquished.

Grand Total: 600 creatures vanquished

Notes
Turn   | Place    | Note
-------+----------+-------------------------------------------
     0 | D:1      | Morbidden the Demonspawn Conjurer began the quest for the
                  | Orb.
     0 | D:1      | Reached XP level 1. HP: 13/13 MP: 3/3
   268 | D:1      | Gained mutation: You are surrounded by a mild repulsion
                  | field. (EV +2) [demonic ancestry]
   268 | D:1      | Reached XP level 2. HP: 19/19 MP: 0/5
   557 | D:1      | Found a faded altar of an unknown god.
   915 | D:1      | Learned a level 2 spell: Searing Ray
  1590 | D:2      | Reached XP level 3. HP: 5/25 MP: 0/6
  2430 | D:3      | Reached skill level 1 in Fighting
  2445 | D:3      | Noticed Robin
  2582 | D:3      | Killed Robin
  2583 | D:3      | Gained mutation: You have large cloven feet. [demonic
                  | ancestry]
  2583 | D:3      | Reached XP level 4. HP: 32/32 MP: 3/7
  2879 | D:3      | Found a broken altar of Ashenzari.
  3614 | D:4      | Reached skill level 5 in Conjurations
  3850 | D:4      | Gained mutation: You have hoof-like feet. [demonic
                  | ancestry]
  3850 | D:4      | Reached XP level 5. HP: 37/37 MP: 0/8
  4368 | D:4      | Found a hazy altar of Hepliaklqana.
  4666 | D:4      | Reached XP level 6. HP: 43/43 MP: 5/11
  5210 | D:5      | Entered Level 5 of the Dungeon
  5616 | D:5      | Gained mutation: You regenerate magic rapidly. [demonic
                  | ancestry]
  5616 | D:5      | Reached XP level 7. HP: 50/50 MP: 9/12
  5792 | D:5      | You fall into a shaft and drop 3 floors!
  5797 | D:8      | Reached skill level 6 in Conjurations
  5928 | D:8      | Reached skill level 1 in Short Blades
  6085 | D:8      | Noticed Grum
  6328 | D:7      | Found a runed translucent gate.
  6328 | D:7      | Noticed Essalna's ghost (novice DsTm)
  6329 | D:7      | Found a runed translucent gate.
  6330 | D:7      | Found a runed translucent gate.
  6341 | D:7      | Found a staircase to the Ecumenical Temple.
  6341 | D:7      | Noticed Prince Ribbit
  6345 | D:7      | Killed Prince Ribbit
  6346 | D:7      | Reached skill level 5 in Spellcasting
  6346 | D:7      | Reached XP level 8. HP: 50/58 MP: 10/15
  6354 | Temple   | Entered the Ecumenical Temple
  6883 | D:7      | Found a shadowy altar of Dithmenos.
  6922 | D:7      | Found an ornate altar of the Wu Jian Council.
  6922 | D:7      | Found a basalt altar of Yredelemnul.
  7060 | D:7      | Found a blossoming altar of Fedhas.
  7121 | D:7      | Reached skill level 7 in Conjurations
  7331 | D:7      | Found a runed translucent door.
  7332 | D:7      | Noticed Crazy Yiuf
  7750 | D:6      | Reached skill level 5 in Dodging
  7750 | D:6      | Reached XP level 9. HP: 65/65 MP: 6/18
  7921 | D:6      | Found a sparkling altar of Nemelex Xobeh.
  8103 | D:6      | Learned a level 4 spell: Iskenderun's Mystic Blast
  8112 | D:6      | Noticed Duvessa
  8112 | D:6      | Noticed Dowan
  8120 | D:6      | Killed Duvessa
  8135 | D:6      | Killed Dowan
  8258 | D:6      | Reached skill level 8 in Conjurations
  8328 | D:6      | Found an ancient bone altar of Kikubaaqudgha.
  8770 | D:5      | Found an opulent altar of Gozag.
  9047 | D:8      | Noticed a troll
  9047 | D:8      | Noticed Pikel
  9101 | D:8      | Killed a troll
  9102 | D:8      | Reached skill level 1 in Translocations
  9103 | D:8      | Killed Pikel
  9534 | D:8      | Noticed Erica
  9742 | D:8      | Killed Erica
  9743 | D:8      | Reached skill level 9 in Conjurations
  9743 | D:8      | Gained mutation: You are surrounded by a moderate repulsion
                  | field. (EV +3) [demonic ancestry]
  9743 | D:8      | Reached XP level 10. HP: 60/73 MP: 3/21
 10227 | D:8      | Killed Grum
 10228 | D:8      | Reached skill level 1 in Long Blades
 10481 | D:9      | Reached skill level 1 in Evocations
 10568 | D:9      | Found a bloodstained altar of Trog.
 10598 | D:9      | Found a snail-covered altar of Cheibriados.
 10599 | D:9      | Found a sacrificial altar of Ru.
 10605 | D:9      | Became a worshipper of Cheibriados the Contemplative
 10629 | D:9      | Noticed a two-headed ogre
 11011 | D:9      | Gained mutation: You are somewhat resistant to further
                  | mutation. [potion of mutation]
 11026 | D:9      | Killed a two-headed ogre
 11027 | D:9      | Reached skill level 1 in Invocations
 11610 | D:10     | Entered Level 10 of the Dungeon
 11648 | D:10     | Noticed a two-headed ogre
 11653 | D:10     | Killed a two-headed ogre
 11676 | D:10     | Found a staircase to the Orcish Mines.
 11702 | D:10     | Reached * piety under Cheibriados
 12185 | D:10     | Reached XP level 11. HP: 78/78 MP: 19/23
 12223 | D:10     | Reached skill level 5 in Fighting
 12323 | D:10     | Noticed Urug
 12459 | D:10     | Identified the +7 rapier "Cyq Zuott" {vorpal, MP+9 Str-5
                  | Dex+3}
 12861 | D:10     | Reached ** piety under Cheibriados
 13211 | D:11     | Identified a scroll of acquirement
 13211 | D:11     | Acquired a +4 ring of protection
 13232 | D:11     | Reached skill level 10 in Conjurations
 13290 | D:11     | Found a staircase to the Lair.
 14072 | D:12     | Noticed a two-headed ogre
 14074 | D:12     | Noticed a death knight
 14132 | D:12     | Noticed a boulder beetle
 14156 | Lair:1   | Entered Level 1 of the Lair of Beasts
 15315 | Lair:2   | Reached skill level 1 in Shields
 15315 | Lair:2   | Reached skill level 5 in Invocations
 15529 | Lair:2   | Reached skill level 1 in Armour
 16085 | Lair:2   | Reached *** piety under Cheibriados
 16155 | Lair:2   | Noticed an eight-headed hydra
 16162 | Lair:2   | Killed a five-headed hydra
 16175 | Lair:2   | Reached XP level 12. HP: 39/88 MP: 18/25
 16515 | Lair:2   | Noticed a seven-headed hydra
 16515 | Lair:2   | Noticed a five-headed hydra
 16528 | Lair:2   | Killed a two-headed hydra
 16644 | Lair:2   | Killed a two-headed hydra
 17499 | Lair:2   | Found a staircase to the Swamp.
 17887 | Lair:3   | Reached **** piety under Cheibriados
 18308 | Lair:3   | Reached skill level 10 in Spellcasting
 18600 | Lair:3   | Reached skill level 5 in Long Blades
 18997 | Lair:3   | Reached skill level 11 in Conjurations
 19174 | Lair:3   | Found a staircase to the Snake Pit.
 20017 | Lair:4   | Reached ***** piety under Cheibriados
 20168 | Lair:4   | Reached skill level 5 in Translocations
 20820 | Lair:5   | Gained mutation: You regenerate a little health from kills.
                  | [demonic ancestry]
 20820 | Lair:5   | Reached XP level 13. HP: 95/95 MP: 22/27
 21005 | Lair:5   | Noticed Josephine
 21020 | Lair:5   | Killed Josephine
 22182 | Lair:6   | Entered Level 6 of the Lair of Beasts
 22647 | Lair:6   | Gained mutation: You have hooves in place of feet. [demonic
                  | ancestry]
 22647 | Lair:6   | Reached XP level 14. HP: 86/104 MP: 19/29
 22955 | Lair:6   | Found the +8 demon trident "Rift" {distort, reach+}
 23160 | Lair:6   | Found a staircase to the Slime Pits.
 23464 | Lair:6   | Found a runed translucent door.
 24179 | Lair:6   | Upgraded the game from 0.27-a0-1026-gbab068f60c to
                  | 0.27-a0-1046-g98bf31544f
 24274 | Lair:3   | Reached skill level 12 in Conjurations
 24466 | D:12     | Reached ****** piety under Cheibriados
 24524 | D:12     | Found a sacrificial altar of Ru.
 25383 | D:12     | Identified the +11 mace of Courage {antimagic, Int+4}
 25768 | D:12     | Mangled by a very large slime creature

Illustrated notes

Levels and vault maps discovered:
D:1:      matt_arrival_grand_opening, layout_basic, basic_ecumenical_altar
D:2:      layout_basic, corexii_corridor_pit, kennysheep_nub, st_stairs_3
D:3:      layout_basic, general_overflow_altar, evilmike_ruin_ashenzari,
          solitary_fountain, uniq_robin
D:4:      layout_loops_cross, nicolae_hepliaklqana_hazy_memory, serial_undead,
          serial_undead_f, serial_undead_c, serial_undead_b, serial_undead_f,
          minmay_distorted
D:5:      layout_cave_pools, kennysheep_mini, hangedman_decor_clover_reticule
D:6:      layout_cave_pools, overflow_temple_1_default, kiku_gazebo_pond_becter,
          uniq_duvessa
D:7:      layout_loops_corners, nicolae_dithmenos_through_a_glass_darkly,
          nicolae_overflow_crystal_walls, grunt_temple_overflow_open,
          minmay_temple_entry_grid, ebering_ghost_rock_garden,
          uniq_prince_ribbit1, uniq_crazy_yiuf_cottage
D:8:      layout_basic, uniq_grum, uniq_pikel, uniq_erica
D:9:      layout_roguey, lemuel_round_altar, gammafunk_temple_overflow_pools
D:10:     layout_roguey, kennysheep_orc_monster_closet_entryway, uniq_urug
D:11:     layout_basic, lair_entry_dummy
D:12:     layout_basic, serial_glass, glass_columns_a, glass_columns_b,
          nicolae_ru_great_annihilating_truth
Temple:   compressed_dpeg_triangle_lava_temple
Lair:1:   wander_river, layout_regular_city, cheibrodos_lair_reptile_den,
          lemuel_fruit_tree
Lair:2:   layout_long_grid, palyth_hydra_swamp_entry, minivault_11,
          nicolae_quartered_pool_little
Lair:3:   minmay_lair_oklob_tunnel, layout_chaotic_city,
          minmay_snake_entry_six_corridors, minivault_27, forest_entry_grove
Lair:4:   layout_cave_pods
Lair:5:   beast_lair_carwin_large_3, layout_hall_layers, minivault_27,
          infiniplex_staircase_pool_2, lemuel_fruit_fields, uniq_josephine
Lair:6:   hangedman_lair_in_review, layout_regular_city, wormcave,
          dpeg_slime_entry_corner

Skill      XL: |  1  2  3  4  5  6  7  8  9 10 11 12 13 14 |
---------------+-------------------------------------------+-----
Dodging        | 2 3 4 5 6 7 8 9 |  9.0
Fighting       | 1 2 3 4 6 7 8 |  8.2
Conjurations   | 5 6 7 9 10 11 12 | 12.1
Spellcasting   | 3 5 6 7 8 9 10 11 | 11.4
Stealth        | 2 3 |  3.8
Short Blades   | 1 |  1.5
Translocations | 2 3 5 |  5.5
Long Blades    | 2 4 5 6 7 |  7.4
Evocations     | 2 3 |  3.4
Invocations    | 3 5 6 8 9 |  9.6
Shields        | 2 4 |  4.8
Armour         | 1 2 4 |  4.6
Throwing       | |  0.9

Action                   |  1- 3 |  4- 6 |  7- 9 | 10-12 | 13-15 || total
-------------------------+-------+-------+-------+-------+-------++-------
Melee: Unarmed           |    14 |       |       |       |       ||    14
       Dagger            |     4 |    33 |     9 |       |       ||    46
       Kick              |       |     7 |     2 |    52 |   116 ||   177
       Scimitar          |       |       |       |    98 |   185 ||   283
Throw: Dart              |       |       |     2 |     6 |    10 ||    18
       Throwing net      |       |       |       |     1 |     1 ||     2
 Cast: Magic Dart        |    60 |    72 |    57 |   195 |    20 ||   404
       Searing Ray       |     4 |    24 |    61 |   135 |    44 ||   268
       Iskenderun's Myst |       |       |     1 |    26 |   104 ||   131
Invok: Slouch            |       |       |       |       |     6 ||     6
Evoke: Wand              |       |       |     5 |    28 |     2 ||    35
  Use: Potion            |     1 |       |     2 |     2 |     8 ||    13
       Scroll            |       |     7 |     3 |    14 |     2 ||    26
 Stab: Distracted        |       |       |       |     1 |       ||     1
       Paralysed         |       |       |       |       |     1 ||     1
Armor: Robe              |    10 |    24 |    19 |    10 |       ||    63
       Chain mail        |       |       |       |   159 |   179 ||   338
       Skin              |       |       |       |       |    27 ||    27
Dodge: Dodged            |    23 |    50 |    67 |   227 |   207 ||   574
Block: Kite shield       |       |       |     7 |       |       ||     7
       Buckler           |       |       |       |   145 |   152 ||   297
       Rpst.: Scimitar   |       |       |       |    64 |    51 ||   115

Table legend: (Time is in decaauts)
 A = Elapsed time spent in this place.
 B = Non-inter-level travel time spent in this place.
 C = Inter-level travel time spent in this place.
 D = Time resting spent in this place.
 E = Time spent auto-exploring this place.
 F = Levels seen in this place.
 G = Mean time per level.
                   A        B        C        D        E       F      G
               +--------+--------+--------+--------+--------+-----+--------+
         Total |  30591 |  29109 |   1482 |   2004 |  23641 |  19 | 1610.1 |
       Dungeon |  16636 |  15863 |    773 |   1889 |  12020 |  12 | 1386.3 |
        Temple |    267 |    267 |      0 |      0 |    259 |   1 |  267.0 |
          Lair |  13687 |  12979 |    708 |    114 |  11362 |   6 | 2281.2 |
               +--------+--------+--------+--------+--------+-----+--------+

Top non-repeatable levels by time:
  Lair:2: 2975 daAuts
  Lair:6: 2893 daAuts
  Lair:3: 2696 daAuts
  Lair:5: 2024 daAuts
     D:8: 1855 daAuts
     D:4: 1808 daAuts
    D:10: 1767 daAuts
    D:11: 1706 daAuts
    D:12: 1662 daAuts
  Lair:4: 1639 daAuts
  Lair:1: 1458 daAuts
     D:7: 1356 daAuts
     D:2: 1334 daAuts
     D:9: 1224 daAuts
     D:1: 1177 daAuts
